 Dungeon Crawl Stone Soup version 0.32-a0-938-g40ac7a0f4d (webtiles) character file.

Game seed: 1482496280861876024

15 wewepker the Chopper (level 2, -1/27 HPs)
             Began as a Minotaur Berserker on Apr 16, 2024.
             Was a Follower of Trog.
             Constricted to death by a ball python (2 damage)
             ... on level 1 of the Dungeon.
             The game lasted 00:00:29 (112 turns).

wewepker the Chopper (Minotaur Berserker)            Turns: 112, Time: 00:00:29

Health: -1/27      AC:  2    Str: 21    XL:     2   Next: 34%
Magic:  1/1        EV:  1    Int:  4    God:    Trog [*.....]
Gold:   0          SH:  0    Dex:  9    Spells: 1/1 levels left

rFire   . . .        a - +0 hand axe
rCold   . . .        (no shield)
rNeg    . . .        b - +0 animal skin
rPois   .            (helmet restricted)
rElec   .            (no cloak)
rCorr   .            (no gloves)
SInv    .            (no boots)
Will    .....        (no amulet)
Stlth   +            (no ring)
HPRegen 0.24/turn    (no ring)
MPRegen 0.07/turn

%: no passive effects
@: on berserk cooldown, slowed, constricted, very slow
A: horns 2, retaliatory headbutt
a: Renounce Religion, Berserk


You were on level 1 of the Dungeon.
You worshipped Trog.
Trog was aware of your devotion.
You visited 1 branch of the dungeon, and saw 1 of its levels.

Inventory:

Hand Weapons
 a - a +0 hand axe (weapon)
Armour
 b - a +0 animal skin (worn)
Scrolls
 c - a scroll of teleportation {unknown}
 d - a scroll of vulnerability {unknown}


   Skills:
 + Level 3.9 Fighting
 + Level 4.1 Axes
 + Level 2.5 Armour
 + Level 2.4 Dodging


You had one spell level left.
You didn't know any spells.
Your spell library was empty.

Dungeon Overview and Level Annotations

Branches:
Dungeon (1/15)

Altars:


Innate Abilities, Weirdness & Mutations

You have a pair of horns on your head.
You reflexively headbutt those who attack you in melee.


Message History

A hobgoblin comes into view.
The hobgoblin shouts!
The ball python hisses angrily.
The kobold misses you. x2
A ball python comes into view.
The kobold hits you with a +0 dagger.
The hobgoblin attacks as it pursues you!
The hobgoblin hits you. The kobold closely misses you.
The hobgoblin closely misses you. x2
You furiously retaliate!
You headbutt the hobgoblin!
You kill the hobgoblin!
Trog accepts your kill. The kobold hits you with a +0 dagger.
The frilled lizard bites you. The hobgoblin hits you.
You closely miss the kobold. You closely miss the hobgoblin.
You barely miss the frilled lizard. The kobold hits you with a +0 dagger.
* * * LOW HITPOINT WARNING * * *
The hobgoblin hits you but does no damage.
The frilled lizard barely misses you.
The ball python bites you but does no damage.
The ball python barely misses you.
You barely miss the kobold. You hit the hobgoblin.
You closely miss the ball python. You hit the frilled lizard.
You kill the frilled lizard!
Trog accepts your kill. The kobold barely misses you.
The hobgoblin barely misses you.
The ball python bites you but does no damage.
The ball python grabs you. The ball python constricts you.
The kobold hits you but does no damage. The hobgoblin hits you.
* * * LOW HITPOINT WARNING * * *
The ball python bites you but does no damage.
The ball python constricts you.
You hit the kobold. Your headbutt misses the kobold.
The kobold is severely wounded.
You hit the ball python. You closely miss the hobgoblin.
The kobold hits you with a +0 dagger.
* * * LOW HITPOINT WARNING * * *
The ball python bites you.
* * * LOW HITPOINT WARNING * * *
The ball python constricts you.
You die...

##...#..##.##......##
........!..+........
#...#..#..##....))#
#...#?..........).##
#
#...#..†.....####...
.##.##...#........#
#.##
...........††.....#
#.#
.##.##.SK#.#'#+####
#.# #.†@#.#.# #.#
.........g.....# #.#
...............# #.#
#......#####.... ...
#.#.... #.....
....... #......
....... . #....##


You could see a hobgoblin, a ball python and a kobold.

Vanquished Creatures
  A giant cockroach (D:1)
  3 goblins (D:1)
  2 hobgoblins (D:1)
  4 jackals (D:1)
  2 frilled lizards (D:1)
12 creatures vanquished.

Notes
Turn   | Place    | Note
-------+----------+-------------------------------------------
     0 | D:1      | wewepker the Minotaur Berserker began the quest for the
                  | Orb.
     0 | D:1      | Reached XP level 1. HP: 19/19 MP: 0/0
    98 | D:1      | Reached XP level 2. HP: 27/27 MP: 1/1
    99 | D:1      | Reached skill level 4 in Axes
   112 | D:1      | HP: 1/27 [ball python (1)]
   112 | D:1      | Constricted to death by a ball python

Illustrated notes

Levels and vault maps discovered:
D:1:      elethiomel_arrival_quiet, layout_basic, minmay_vboxes

Skill      XL: |  1  2 |
---------------+-------+-----
Axes           | 4 |  4.1
Fighting       | |  3.9
Armour         | |  2.5
Dodging        | |  2.4

Action                     || total
---------------------------++-------
  Melee: Hand axe          ||    20
         Headbutt          ||     1
 Invoke: Berserk           ||     1
 Armour: Animal skin       ||    33
  Dodge: Dodged            ||    44

Table legend: (Time is in decaauts)
 A = Elapsed time spent in this place.
 B = Non-inter-level travel time spent in this place.
 C = Inter-level travel time spent in this place.
 D = Time resting spent in this place.
 E = Time spent auto-exploring this place.
 F = Levels seen in this place.
 G = Mean time per level.
                   A        B        C        D        E       F      G
               +--------+--------+--------+--------+--------+-----+--------+
         Total |    116 |     90 |     26 |      0 |     37 |   1 |  116.0 |
       Dungeon |    116 |     90 |     26 |      0 |     37 |   1 |  116.0 |
               +--------+--------+--------+--------+--------+-----+--------+

Top non-repeatable levels by time:
     D:1: 116 daAuts
